 Dungeon Sprint DCSS version 0.24.0-123-gd5b16e6ec5 (webtiles) character file.

Game seed: 5598146782986697189, levelgen mode: deterministic

662 McKennaii the Destroyer (level 7, 0/50 HPs)
             Began as a White Draconian Conjurer on Jan 26, 2020.
             Slain by a hippogriff (8 damage)
             ... in the Dungeon (Sprint II: "The Violet Keep of Menkaure").
             The game lasted 00:03:21 (646 turns).

McKennaii the Destroyer (White Draconian Conjurer)   Turns: 646, Time: 00:03:22

Health: 0/50       AC:  6    Str: 10    XL:     7   Next: 30%
Magic:  0/17       EV: 13    Int: 18    God:
Gold:   243        SH:  0    Dex: 11    Spells: 14/19 levels left

rFire    . . .     SeeInvis .   (no weapon)
rCold    + . .     Gourm    .   (no shield)
rNeg     . . .     Faith    .   (armour unavailable)
rPois    .         Spirit   .   (helmet restricted)
rElec    .         Reflect  .   (no cloak)
rCorr    .         Harm     .   (no gloves)
MR       .....     NoTele   +   (no boots)
Stlth    ++........             (no amulet)
HPRegen  0.16/turn              (no ring)
MPRegen  0.15/turn              (no ring)

@: short of breath
A: breathe frost, unfitting armour, cold resistance 1, cold-blooded, AC +6
a: Breathe Frost


You were in the Dungeon.
You were not hungry.

You visited 1 branch You collected 243 gold pieces.

Inventory:

Scrolls
 h - a scroll of blinking
Potions
 c - a potion of curing
 d - a potion of heal wounds
 e - a potion of haste
 f - 2 potions of magic
Comestibles
 b - 2 rations


   Skills:
 + Level 4.3 Dodging
 + Level 4.0 Stealth
 * Level 6.9 Spellcasting
 + Level 13.1 Conjurations


You had 14 spell levels left.
You knew the following spells:

 Your Spells              Type           Power        Failure   Level  Hunger
a - Magic Dart            Conj           ####         1%          1    None
c - Iskenderun's Mystic   Conj           ######..     1%          4    ####...

Your spell library contained the following spells:

 Spells                   Type           Power        Failure   Level  Hunger
 Searing Ray              Conj           ######       1%          2    None
 Dazzling Spray           Conj/Hex       ####..       2%          3    ##.....
 Force Lance              Conj/Tloc      ####....     7%          4    ####...
 Fulminant Prism          Conj/Hex       ####......   7%          4    ####...


Dungeon Overview and Level Annotations

Branches:
Dungeon (1/1)

Altars:
Cheibriados
Dithmenos
Hepliaklqana
Kikubaaqudgha
Qazlal
Ru
Sif Muna
Trog
Uskayaw
Wu Jian
Xom
Yredelemnul
The Shining One
Beogh
Jiyva
Lugonu

Shops:
D =%:=:[}?(!!=[(??

Annotations:
D exclusions: oklob plant and orange crystal statue


Innate Abilities, Weirdness & Mutations

You can breathe waves of freezing cold.
You can buffet flying creatures when you breathe cold.
Your icy white scales are hard. (AC +6)
You cannot fit into any form of body armour.
Your flesh is cold resistant. (rC+)
You are cold-blooded and may be slowed by cold attacks.


Message History

Unknown command.
You enter the shallow water.
Moving in this stuff is going to be slow.
The fire dragon roars deafeningly!
The hippogriff bites you.
* * * LOW HITPOINT WARNING * * *
The hippogriff pecks you but does no damage.
The hippogriff claws you.
* * * LOW HITPOINT WARNING * * *
There is an open door here.
Casting: Magic Dart (safe; 1% risk of failure)
Confirm with . or Enter, or press ? or * to list all spells.
Aiming: Magic Dart (safe; 1% risk of failure)
Press: ? - help, Shift-Dir - straight line, f/p - hippogriff
Aim: a hippogriff (almost dead)
The magic dart hits the hippogriff but does no damage.
The hippogriff is almost dead.
The spiny frog gives a loud, deep croak!
The hippogriff closely misses you. The hippogriff pecks you!
You die...

############≈≈#++ #++
###########≈≈≈... ...
##.......∩#≈≈≈≈.# #..
##∩.....∩.#≈≈≈≈## ##.####
##.∩...∩.∩#≈≈≈≈#.# #. ....#
##∩.∩.∩.∩.#≈≈### $#. #..#
##.∩.∩.∩..#≈##.###†# .##..
##..∩.∩...#≈#...##.##$w.#..
##...⌠....@H'.##'.<.+# +..
##........#≈#...##.##w..#..
#▓▓▓▓▓▓▓###≈##.###+# .##..
##(FD######≈≈### ##. ###≈≈.
#($F#G[ ##≈≈≈# #3#§≈≈≈≈
#∩P[+.$#+ #'#≈## ##≈≈§≈≈
#(.$#?##§##.#≈≈##+##≈≈§≈≈≈
#)(/###§≈§####≈≈≈≈≈≈≈≈≈≈≈≈
##+###§§§§ #+++#+++#≈§≈≈


You could see a fire dragon, an oklob plant, a hippogriff and 2 spiny frogs.

Vanquished Creatures
  A hippogriff (D)
  Menkaure (D)
  4 necrophages (D)
  A scorpion (D)
7 creatures vanquished.

Vanquished Creatures (others)
  A crocodile (D)
1 creature vanquished.

Grand Total: 8 creatures vanquished

Notes
Turn   | Place    | Note
-------+----------+-------------------------------------------
     0 | D        | McKennaii the Draconian Conjurer began the quest for the
                  | Orb.
     0 | D        | Reached XP level 1. HP: 14/14 MP: 3/3
     1 | D        | Noticed a necrophage
     1 | D        | Noticed a necrophage
     1 | D        | Noticed a necrophage
     1 | D        | Noticed a necrophage
     8 | D        | Killed a necrophage
     8 | D        | Reached skill level 7 in Conjurations
     8 | D        | Reached XP level 2. HP: 13/20 MP: 3/6
     8 | D        | Reached XP level 3. HP: 17/26 MP: 4/8
     8 | D        | Reached XP level 4. HP: 21/33 MP: 4/9
    13 | D        | Killed a necrophage
    13 | D        | Reached skill level 9 in Conjurations
    13 | D        | Reached XP level 5. HP: 26/38 MP: 4/12
    17 | D        | Killed a necrophage
    17 | D        | Reached skill level 5 in Spellcasting
    17 | D        | Reached skill level 10 in Conjurations
    22 | D        | Killed a necrophage
    22 | D        | Reached skill level 11 in Conjurations
    22 | D        | Reached XP level 6. HP: 20/45 MP: 5/14
   215 | D        | Found Unisiokho's Distillery.
   215 | D        | Found Xilaelisho's Jewellery Emporium.
   215 | D        | Found Ludeig's Weapon Emporium.
   215 | D        | Found Laciych's Antique Weapon Shoppe.
   215 | D        | Found Kagerig's Distillery.
   216 | D        | Found Wizerit's Magic Scroll Shoppe.
   216 | D        | Found Nithred's Magic Scroll Emporium.
   216 | D        | Found Ivvuavarpha's Antique Armour Shoppe.
   216 | D        | Found Noexiof's Magic Scroll Shoppe.
   217 | D        | Found Mac Sacw's Gadget Shoppe.
   217 | D        | Found Wecyim's Antique Armour Emporium.
   218 | D        | Noticed a spiny frog
   219 | D        | Found Otocigur's Book Emporium.
   219 | D        | Found Kuovot's Jewellery Shoppe.
   219 | D        | Noticed Menkaure
   219 | D        | Noticed a spiny frog
   219 | D        | Noticed an oklob plant
   224 | D        | Found Xiapeqedd's Food Shoppe.
   224 | D        | Found Kaleorpho's Book Shoppe.
   224 | D        | Found Ockofas's Jewellery Emporium.
   225 | D        | Noticed a fire dragon
   229 | D        | Noticed a great orb of eyes
   234 | D        | Killed Menkaure
   234 | D        | Reached skill level 12 in Conjurations
   376 | D        | Learned a level 4 spell: Iskenderun's Mystic Blast
   492 | D        | Noticed a neqoxec
   496 | D        | Noticed a tyrant leech
   496 | D        | Noticed a tyrant leech
   500 | D        | Noticed a hippogriff
   500 | D        | Noticed a hippogriff
   521 | D        | Noticed an orange crystal statue
   531 | D        | Found a stormy altar of Qazlal.
   531 | D        | Found an ornate altar of the Wu Jian Council.
   532 | D        | Found a hazy altar of Hepliaklqana.
   532 | D        | Found a sacrificial altar of Ru.
   532 | D        | Found a shimmering altar of Xom.
   533 | D        | Found a roughly hewn altar of Beogh.
   533 | D        | Found a viscous altar of Jiyva.
   533 | D        | Found a shimmering blue altar of Sif Muna.
   533 | D        | Found a glowing golden altar of the Shining One.
   533 | D        | Found a basalt altar of Yredelemnul.
   534 | D        | Found a snail-covered altar of Cheibriados.
   534 | D        | Found an ancient bone altar of Kikubaaqudgha.
   534 | D        | Found a bloodstained altar of Trog.
   535 | D        | Found a shadowy altar of Dithmenos.
   535 | D        | Found a corrupted altar of Lugonu.
   535 | D        | Found a hide-covered altar of Uskayaw.
   628 | D        | Killed a hippogriff
   628 | D        | Reached skill level 13 in Conjurations
   628 | D        | Your scales start taking on an icy white colour.
   628 | D        | Reached XP level 7. HP: 50/50 MP: 3/17
   628 | D        | Gained mutation: Your flesh is cold resistant. (rC+) [White
                  | Draconian growth]
   646 | D        | Slain by a hippogriff

Levels and vault maps discovered:
D:        the_violet_keep_of_menkaure [sprint2_stairs_cluster_1,
          sprint2_shoproom, sprint2_temple, sprint2_basic_supplies,
          sprint2_obstacle_4, sprint2_obstacle_2, sprint2_obstacle_5,
          sprint2_obstacle_3, sprint2_obstacle_1, sprint2_timed_cluster_1,
          sprint2_smallroom_cluster_1, sprint2_smallroom_final_cluster_1,
          sprint2_transparent_cluster_1, sprint2_second_timed_cluster_1,
          sprint2_sniper_area_1, sprint2_heavy_combat_area_1,
          sprint2_mutation_trap_area_1, sprint2_forest_area_1,
          sprint2_light_combat_area_1, sprint2_behind_water_1,
          sprint2_near_end_vault_1]

Skill      XL: |  1  2  3  4  5  6 |
---------------+-------------------+-----
Dodging        | 2 3 4 |  4.3
Stealth        | 2 3 4 |  4.0
Spellcasting   | 3 4 5 6 |  6.9
Conjurations   | 7 9 11 13 | 13.1

Action                   |  1- 3 |  4- 6 |  7- 9 || total
-------------------------+-------+-------+-------++-------
Melee: Unarmed           |     6 |    14 |     3 ||    23
       Tailslap          |       |     2 |       ||     2
 Cast: Magic Dart        |       |    10 |     6 ||    16
       Iskenderun's Myst |       |     3 |     1 ||     4
 Abil: Breathe Frost     |       |       |     1 ||     1
  Use: Potion            |     1 |       |       ||     1
Armor: Skin              |       |     2 |     8 ||    10
Dodge: Dodged            |     1 |     8 |     8 ||    17
